 Dungeon Crawl Stone Soup version 0.18.1-5-g4a78601 (webtiles) character file.

2824 Mefis the Magician (level 9, -8/45 HPs)
             Began as a Deep Elf Wizard on May 9, 2016.
             Mangled by a spriggan
             ... wielding a +0 short sword
              (10 damage)
             ... on level 7 of the Dungeon.
             The game lasted 00:27:47 (8854 turns).

Mefis the Magician (Deep Elf Wizard)                Turns: 8854, Time: 00:27:47

Health: -8/45      AC: 10    Str:  6    XL:     9   Next: 45%
Magic:  1/22       EV: 13    Int: 29    God:
Gold:   23         SH:  0    Dex: 13    Spells: 8 memorised, 3 levels left

rFire  + . .     SeeInvis +     J - +1 dagger (chaos)
rCold  x . .     Gourm    .     y - +3 leather armour {rPois}
rNeg   . . .     Faith    .     (no shield)
rPois  +         Spirit   .     G - +3 crown of Dyrovepreva {rElec Int+2 SInv}
rElec  +         Dismiss  .     j - +0 cloak
rCorr  .         Reflect  .     (no gloves)
SustAt .         Harm     +     (no boots)
MR     .....                    F - amulet of harm
Stlth  ++........               (no ring)
                                g - ring of fire

@: not resistant to hostile enchantments, unstealthy
A: blurry vision 1, clever 1
a: no special abilities


You were on level 7 of the Dungeon.
You were hungry.

You visited 2 branches of the dungeon, and saw 8 of its levels.

You collected 348 gold pieces.
You spent 325 gold pieces at shops.

Inventory:

Hand Weapons
 l - a +0 dagger
 C - a +5 short sword of electrocution
 J - a +1 dagger of chaos (weapon)
 K - a +0 shortbow
Missiles
 L - 37 arrows
Armour
 a - a +0 robe
 j - a +0 cloak (worn)
 y - a +3 leather armour of poison resistance (worn)
 G - the +3 crown of Dyrovepreva (worn) {rElec Int+2 SInv}
   (You found it on level 4 of the Dungeon)

   It affects your intelligence (+2).
   It insulates you from electricity.
   It lets you see invisible.
Jewellery
 g - a ring of fire (left hand)
 F - an amulet of harm (around neck)
 H - an uncursed ring of wizardry {unknown}
Wands
 z - a wand of paralysis (17/24)
 M - a wand of iceblast (9/15)
 O - a wand of paralysis (8/24)
Scrolls
 b - 2 scrolls of recharging {unknown}
 h - 3 scrolls of magic mapping {unknown}
 i - 8 scrolls of identify {unknown}
 k - a scroll of immolation {unknown}
 n - a scroll of fear {unknown}
 o - 2 scrolls of teleportation {unknown}
 q - 5 scrolls of remove curse {unknown}
 s - 2 scrolls of enchant weapon {unknown}
 v - 5 scrolls of amnesia {unknown}
 x - a scroll of acquirement {unknown}
 E - 2 scrolls of enchant armour {unknown}
Potions
 e - 2 potions of brilliance {unknown}
 f - 3 potions of heal wounds {unknown}
 m - 3 potions of mutation {unknown}
 p - 3 potions of curing {unknown}
 r - a potion of agility {unknown}
 t - a potion of lignification {unknown}
 w - a potion of degeneration {unknown}
 B - a potion of ambrosia {unknown}
 N - 3 potions of flight {unknown}
Books
 c - a book of Minor Magic

   Spells                             Type                      Level
   a - Magic Dart                     Conjuration                  1
   b - Blink                          Translocation                2
   c - Call Imp                       Summoning                    2
   d - Repel Missiles                 Charms/Air                   2
   e - Slow                           Hexes                        2
   f - Conjure Flame                  Conjuration/Fire             3
   g - Mephitic Cloud                 Conjuration/Poison/Air       3
 u - a book of Battle

   Spells                             Type                      Level
   a - Infusion                       Charms                       1
   b - Shroud of Golubria             Charms/Translocation         2
   c - Song of Slaying                Charms                       2
   d - Spectral Weapon                Hexes/Charms                 3
   e - Regeneration                   Charms/Necromancy            3
 I - a book of Ice

   Spells                             Type                      Level
   a - Ice Form                       Ice/Transmutation            4
   b - Metabolic Englaciation         Hexes/Ice                    5
   c - Ozocubu's Refrigeration        Ice                          6
   d - Bolt of Cold                   Conjuration/Ice              6
   e - Freezing Cloud                 Conjuration/Ice/Air          6
   f - Simulacrum                     Ice/Necromancy               6
Comestibles
 d - 4 bread rations
 A - 3 meat rations
 D - 3 beef jerkies


   Skills:
 * Level 4.2 Armour
 + Level 5.5 Dodging
 - Level 4.0 Stealth
 + Level 7.5 Spellcasting
 + Level 4.6 Conjurations
 + Level 4.8 Summonings
 * Level 5.2 Necromancy
 - Level 1.1 Translocations
 + Level 4.1 Fire Magic
 + Level 2.3 Ice Magic
 + Level 4.0 Poison Magic


You had 3 spell levels left.
You knew the following spells:

 Your Spells              Type           Power        Failure   Level  Hunger
a - Magic Dart            Conj           ####         1%          1    None
b - Call Imp              Summ           #####...     1%          2    None
c - Blink                 Tloc           N/A          10%         2    None
d - Repel Missiles        Chrm/Air       ##....       14%         2    None
e - Mephitic Cloud        Conj/Pois/Air  ####....     10%         3    None
f - Conjure Flame         Conj/Fire      ######..     4%          3    None
g - Ice Form              Ice/Trmt       #.......     45%         4    ##.....
q - Regeneration          Chrm/Necr      ####......   10%         3    None


Dungeon Overview and Level Annotations

Branches:
Dungeon (7/15)             Temple (1/1) D:4

Altars:
Ashenzari
Cheibriados
Dithmenos
Elyvilon
Fedhas
Gozag
Kikubaaqudgha
Makhleb
Nemelex Xobeh
Okawaru
Pakellas
Qazlal
Ru
Trog
Vehumet
Xom
Yredelemnul
Zin
The Shining One

Shops:
D:4 }   D:7 *

Annotations:
D:5 ThereIsNoGod's ghost, novice FoFi


Innate Abilities, Weirdness & Mutations

Scrolls take you a little longer to read.
Your mind is acute. (Int +2)


Message History

The spriggan is almost dead.
The spriggan hits you but does no damage.
You closely miss the spriggan.
The spriggan is almost dead.
The spriggan hits you but does no damage.
You closely miss the spriggan.
The spriggan is almost dead.
The spriggan closely misses you.
You hit the spriggan but do no damage.
The spriggan is poisoned.
The spriggan is almost dead.
You kill the spriggan!
You closely miss the spriggan.
The spriggan hits you with a short sword!
* * * LOW HITPOINT WARNING * * *
Drink which item? (? for menu, Esc to quit)
Okay, then.
Unknown command.
You miss the spriggan.
The spriggan hits you with a short sword!
You die...

..♣ ♣♣.♣♣
♣.♣♣ ♣.♣♣
♣...♣♣..♣
♣..)†♣♣
♣♣.♣♣♣
♣♣♣.♣
♣..♣♣
♣.♣♣ ♣@♣♣
♣♣i♣
♣♣)..).♣
♣♣♣...♣
.♣


You could see a spriggan.

Vanquished Creatures
  Prince Ribbit (D:6)
  5 spriggans (D:7)
  Menkaure (D:5)
  A sky beast (D:7)
  A phantom (D:5)
  An ogre (D:7)
  A centaur (D:6)
  3 giant frogs
  2 water moccasin zombies (D:6)
  A scorpion (D:6)
  A wight (D:6)
  3 howler monkeys
  A centaur zombie (D:7)
  4 crimson imps
  3 orc priests
  A giant frog skeleton (D:5)
  3 orc wizards
  6 hounds
  An iguana (D:6)
  Ijyb (D:3)
  3 worker ants
  A hound zombie (D:7)
  2 hound skeletons (D:7)
  6 adders
  3 shadow imps
  An ooze (D:4)
  An adder zombie (D:5)
  An adder skeleton (D:5)
  3 worms
  2 dart slugs (D:1)
  4 giant geckos
  14 orcs
  6 bats
  3 giant cockroaches
  7 hobgoblins
  12 jackals
  5 kobolds
  2 quokkas
  2 ball pythons (D:2)
  A giant gecko skeleton (D:4)
  9 giant newts
  8 goblins
  A jackal zombie (D:5)
  2 quokka skeletons
  A quokka zombie (D:5)
  9 rats
150 creatures vanquished.

Vanquished Creatures (collateral kills)
  The ghost of skk the Skirmisher, an amateur OgFi (D:3)
  An orc warrior (D:7)
  Terence (D:3)
  A worker ant (D:4)
  A worm (D:2)
  A giant gecko (D:7)
  A jackal (D:2)
  A goblin (D:3)
8 creatures vanquished.

Grand Total: 158 creatures vanquished

Notes
Turn   | Place    | Note
--------------------------------------------------------------
     0 | D:1      | Mefis the Deep Elf Wizard began the quest for the Orb.
     0 | D:1      | Reached XP level 1. HP: 10/10 MP: 7/7
   248 | D:1      | Reached skill level 5 in Spellcasting
   248 | D:1      | Reached XP level 2. HP: 15/15 MP: 1/10
   261 | D:1      | Learned a level 2 spell: Call Imp
   264 | D:1      | Learned a level 2 spell: Blink
   267 | D:1      | Learned a level 2 spell: Repel Missiles
   758 | D:1      | Reached XP level 3. HP: 19/19 MP: 7/11
  1378 | D:2      | Found a shattered altar of Ashenzari.
  2085 | D:2      | Reached XP level 4. HP: 24/24 MP: 8/13
  2271 | D:3      | Learned a level 3 spell: Mephitic Cloud
  2275 | D:3      | Learned a level 3 spell: Conjure Flame
  2364 | D:3      | Noticed skk's ghost (amateur OgFi)
  2417 | D:4      | Found a staircase to the Ecumenical Temple.
  2423 | Temple   | Entered the Ecumenical Temple
  2662 | D:3      | Noticed Ijyb
  2691 | D:3      | Killed Ijyb
  2921 | D:3      | Reached skill level 1 in Poison Magic
  2921 | D:3      | Reached XP level 5. HP: 28/28 MP: 6/15
  3105 | D:3      | Noticed Terence
  3117 | D:3      | Killed Terence
  3356 | D:3      | Killed skk's ghost
  3356 | D:3      | Reached skill level 1 in Armour
  3356 | D:3      | Reached skill level 6 in Spellcasting
  3356 | D:3      | Reached skill level 1 in Fire Magic
  3529 | D:4      | Found Johes's Gadget Emporium.
  3574 | D:4      | Reached XP level 6. HP: 26/32 MP: 7/17
  4650 | D:4      | Found a glowing silver altar of Zin.
  4650 | D:4      | Found an opulent altar of Gozag.
  4783 | D:5      | Entered Level 5 of the Dungeon
  5063 | D:5      | Learned a level 3 spell: Regeneration
  5169 | D:5      | Noticed Menkaure
  5197 | D:5      | Killed Menkaure
  5197 | D:5      | Reached XP level 7. HP: 36/36 MP: 4/18
  5353 | D:5      | Reached skill level 1 in Necromancy
  5556 | D:5      | Noticed ThereIsNoGod's ghost (novice FoFi)
  6589 | D:6      | Found a stormy altar of Qazlal.
  6681 | D:6      | Reached XP level 8. HP: 41/41 MP: 4/19
  6887 | D:6      | Noticed Prince Ribbit
  6968 | D:6      | Killed Prince Ribbit
  7276 | D:6      | Learned a level 4 spell: Ice Form
  7453 | D:6      | Reached skill level 5 in Dodging
  7687 | D:6      | Found a bloodstained altar of Trog.
  7733 | D:6      | Found a shimmering altar of Xom.
  7733 | D:6      | Found a burning altar of Makhleb.
  7869 | D:7      | Found a basalt altar of Yredelemnul.
  7897 | D:7      | Reached skill level 1 in Ice Magic
  8002 | D:7      | Reached skill level 7 in Spellcasting
  8169 | D:7      | Gained mutation: Your mind is acute. (Int +2) [mutagenic meat]
  8170 | D:7      | Gained mutation: Potions and wands are less effective at restoring your health. [mutagenic meat]
  8172 | D:7      | Gained mutation: You are clumsy. (Dex -2) [mutagenic meat]
  8173 | D:7      | Gained mutation: Scrolls take you a little longer to read. [mutagenic meat]
  8297 | D:7      | Reached XP level 9. HP: 11/45 MP: 0/21
  8536 | D:7      | Found Teacig's Hallowed Reliquary.
  8536 | D:7      | Found a glowing silver altar of Zin.
  8541 | D:7      | Noticed an angel
  8546 | D:7      | Bought a potion of cure mutation for 325 gold pieces
  8546 | D:7      | Lost mutation: Potions and wands are less effective at restoring your health. [potion of cure mutation]
  8546 | D:7      | Lost mutation: You are clumsy. (Dex -2) [potion of cure mutation]
  8835 | D:7      | Reached skill level 5 in Necromancy
  8853 | D:7      | HP: 2/45 [spriggan/short sword (10)]
  8854 | D:7      | Mangled by a spriggan

Skill      XL: |  1  2  3  4  5  6  7  8  9 |
---------------+----------------------------+-----
Spellcasting   | 5 6 7 |  7.5
Dodging        | 3 4 5 |  5.5
Stealth        | 3 4 |  4.0
Conjurations   | 2 3 4 |  4.6
Summonings     | 2 3 4 |  4.8
Poison Magic   | 1 2 3 4 |  4.0
Armour         | 1 2 3 4 |  4.2
Fire Magic     | 1 2 3 4 |  4.1
Necromancy     | 2 4 5 |  5.2
Ice Magic      | 1 2 |  2.3
Translocations | |  1.1

Action                   |  1- 3 |  4- 6 |  7- 9 || total
-------------------------+-------+-------+-------++-------
Melee: Unarmed           |     1 |       |       ||     1
       Dagger            |    19 |    22 |    11 ||    52
       Short sword       |       |    17 |     9 ||    26
 Cast: Magic Dart        |   102 |   130 |   281 ||   513
       Call Imp          |     5 |    23 |    13 ||    41
       Mephitic Cloud    |       |     5 |     9 ||    14
       Blink             |       |     2 |       ||     2
       Conjure Flame     |       |       |     4 ||     4
       Regeneration      |       |       |     1 ||     1
  Use: Potion            |       |       |     1 ||     1
 Stab: Sleeping          |       |     2 |     2 ||     4
       Confused          |       |       |     1 ||     1
  Eat: Chunk             |     3 |     7 |    14 ||    24
       Bread ration      |       |     1 |       ||     1
Armor: Robe              |    10 |    11 |       ||    21
       Leather armour    |       |    14 |    45 ||    59
Dodge: Dodged            |    39 |    74 |    76 ||   189
